 Dungeon Crawl Stone Soup version 0.31-a0-188-g5e087ee2ca (webtiles) character file.

Game seed: 5149272638603440179

593 qw the Skirmisher (level 7, 0/40 HPs)
             Began as a Deep Elf Hunter on June 23, 2023.
             Succumbed to a gnoll's poison
             ... on level 4 of the Dungeon.
             The game lasted 00:01:30 (3024 turns).

qw the Skirmisher (Deep Elf Hunter)                 Turns: 3024, Time: 00:01:31

Health: 0/40       AC:  7    Str: 10    XL:     7   Next: 16%
Magic:  1/9        EV: 11    Int: 14    God:
Gold:   189        SH:  0    Dex: 18    Spells: 6/6 levels left

rFire   . . .        Y - +1 shortbow
rCold   . . .        (shield currently unavailable)
rNeg    . . .        g - +2 ring mail
rPois   .            (no helmet)
rElec   .            (no cloak)
rCorr   .            (no gloves)
SInv    .            (no boots)
Will    .....        d - amulet of guardian spirit
Stlth   +            (no ring)
HPRegen 0.26/turn    (no ring)
MPRegen 0.11/turn

%: guardian spirit
@: lethally poisoned (0 -> -1)
A: no striking features
a: no special abilities


You were on level 4 of the Dungeon.
You visited 1 branch of the dungeon, and saw 4 of its levels.

You collected 189 gold pieces.


   Skills:
 - Level 2.0 Fighting
 + Level 10.8 Ranged Weapons
 - Level 3.4 Dodging
 - Level 1.2 Stealth


You had 6 spell levels left.
You didn't know any spells.
Your spell library was empty.

Inventory:

Hand Weapons
 Y - a +1 shortbow (weapon)
Armour
 g - a +2 ring mail (worn)
Jewellery
 d - an amulet of guardian spirit (around neck)
 f - a ring of wizardry
 j - an amulet of regeneration
Wands
 b - a wand of digging (6)
Scrolls
 i - a scroll of identify
 k - a scroll of revelation {unknown}
Potions
 c - 2 potions of curing {unknown}
 e - 2 potions of mutation {unknown}
 h - a potion of magic {unknown}

Dungeon Overview and Level Annotations

Branches:
Dungeon (4/15)
 Temple: D:4-7

Altars:
Cheibriados
Ru
Uskayaw

Annotations:
D:4 1 transporter, 1 runed translucent door, Crazy Yiuf; Eustachio; qw's ghost, novice DEHu


Message History

The arrow completely misses the river rat.
The arrow hits the river rat.
The river rat is moderately wounded.
You feel sick.
The rat disappears in a puff of smoke!
The river rat disappears in a puff of smoke!
The rat barely misses you.
The river rat bites you but does no damage.
You shoot an arrow. The arrow closely misses the river rat.
The arrow hits the bat!
You kill the bat!
The bat's corpse disappears in a puff of smoke!
You feel sick. The gnoll closely misses you. The river rat barely misses you.
The rat bites you but does no damage.
You shoot an arrow.
The arrow hits the river rat but does no damage.
The river rat is heavily wounded.
You feel sick. The gnoll hits you with a +0 flail. The river rat misses you.
The rat closely misses you.
You shoot an arrow.
The arrow hits the river rat but does no damage.
The river rat is heavily wounded.
You feel sick. The gnoll hits you with a +0 flail. The rat closely misses you.
The river rat bites you.
3021 ||| READING scroll of teleportation.
As you read the scroll of teleportation, it crumbles to dust.
You feel strangely unstable.
You feel sick. The gnoll hits you but does no damage.
The rat closely misses you. The river rat bites you.
You shoot an arrow. The arrow closely misses the river rat.
Eustachio barely misses you. The gnoll hits you with a +0 flail.
The rat barely misses you. The river rat bites you.
You shoot an arrow. The arrow hits the river rat.
The river rat is severely wounded.
You feel sick. Eustachio closely misses you. The gnoll barely misses you.
The river rat bites you. The rat closely misses you.
You shoot an arrow.
The arrow hits the river rat but does no damage.
The river rat is severely wounded.
Your surroundings suddenly seem different.
You die...

#### #.##.# #.##.#
###########.##.#
)).......##.##.#
....####.##.##.#
.........#...#.#
.##............##
.#########......####
.# #......#.@..# .#
#.####...##.# .# #.#
##<###.# . #.#
##.###.# #.#
#...##.# #.#
#....### #.# #....#
#.# #....# ###
##...#


There were no monsters in sight!

Vanquished Creatures
  Sigmund (D:4)
  A scorpion (D:4)
  A howler monkey (D:4)
  A jelly (D:4)
  2 sleepcaps (D:4)
  Ijyb (D:3)
  Terence (D:3)
  2 orc wizards (D:4)
  5 adders
  5 gnolls (D:4)
  A worm (D:3)
  3 dart slugs
  7 orcs (D:4)
  4 endoplasms (D:1)
  A giant cockroach (D:2)
  8 hobgoblins
  3 quokkas
  2 ball pythons
  3 bats
  A frilled lizard (D:2)
  6 goblins
  5 kobolds
  5 rats
69 creatures vanquished.

Notes
Turn   | Place    | Note
-------+----------+-------------------------------------------
     0 | D:1      | qw the Deep Elf Hunter began the quest for the Orb.
     0 | D:1      | Reached XP level 1. HP: 12/12 MP: 3/3
     0 | D:1      | 0 ||| qw: Version: 0.3-a-9-g12657ce
     0 | D:1      | 0 ||| qw: Game counter: 3566
     0 | D:1      | 0 ||| qw: Always use a shield: true
     0 | D:1      | 0 ||| qw: God list: Okawaru
     0 | D:1      | 0 ||| qw: Allow faded altars: false
     0 | D:1      | 0 ||| qw: Do Orc after D:15 true
     0 | D:1      | 0 ||| qw: Do second Lair branch before Depths: true
     0 | D:1      | 0 ||| qw: Lair rune preference: random
     0 | D:1      | 0 ||| qw: Plans: Normal
     0 | D:1      | 0 ||| PLANNING D:1-11
   302 | D:1      | Reached XP level 2. HP: 14/16 MP: 4/4
   331 | D:1      | Reached skill level 6 in Ranged Weapons
   745 | D:1      | 745 ||| UPGRADING to +0 ring mail.
   755 | D:1      | 755 ||| DROPPING +0 leather armour.
   756 | D:1      | 756 ||| DROPPING +6 ring of intelligence.
   757 | D:1      | 757 ||| READING scroll labelled OXIGEP QIBUS.
   758 | D:1      | 758 ||| READING scroll labelled DIZ PIS JUREWAP.
   759 | D:1      | 759 ||| READING 2 scrolls labelled ZUNNIG ASKAVAN.
   760 | D:1      | 760 ||| DRINKING 2 murky ruby potions.
   802 | D:1      | 802 ||| DRINKING 2 viscous blue potions.
   812 | D:1      | 812 ||| DROPPING scroll of butterflies.
   813 | D:1      | 813 ||| DROPPING potion of lignification.
   814 | D:1      | 814 ||| DROPPING scroll of noise.
   815 | D:1      | 815 ||| DROPPING potion of ambrosia.
  1133 | D:2      | Reached XP level 3. HP: 20/20 MP: 5/5
  1232 | D:2      | 1232 ||| UPGRADING to amulet of guardian spirit.
  1237 | D:2      | 1237 ||| READING scroll labelled IZUFOSTRAPH.
  1238 | D:2      | 1238 ||| READING scroll labelled VEOH GUHIMM.
  1239 | D:2      | 1239 ||| READING scroll labelled MOQITI MANOEC.
  1240 | D:2      | 1240 ||| READING scroll labelled DUTHEU GOESI.
  1241 | D:2      | 1241 ||| READING scroll labelled IDUSHO ESAETZ.
  1243 | D:2      | 1243 ||| Stepping ~*~*~tactically~*~*~ (cloud).
  1248 | D:2      | HP: 5/20 [poisoned by you (poison gas)]
  1342 | D:3      | 1342 ||| STAIRDANCE
  1411 | D:3      | Reached skill level 7 in Ranged Weapons
  1525 | D:3      | Noticed Ijyb
  1545 | D:3      | Killed Ijyb
  1546 | D:3      | Reached XP level 4. HP: 9/25 MP: 1/6
  1627 | D:3      | Found a faded altar of an unknown god.
  1629 | D:3      | 1629 ||| READING 2 scrolls of enchant armour.
  1629 | D:3      | 1629 ||| ENCHANTING +0 ring mail.
  1630 | D:3      | 1630 ||| READING scroll of enchant armour.
  1630 | D:3      | 1630 ||| ENCHANTING +1 ring mail.
  1849 | D:3      | Found a sacrificial altar of Ru.
  1904 | D:3      | Noticed Terence
  1922 | D:3      | Killed Terence
  1923 | D:3      | Reached skill level 8 in Ranged Weapons
  2074 | D:3      | 2074 ||| READING scroll labelled VOMYSCHIGOU.
  2079 | D:3      | 2079 ||| DRINKING 2 sedimented puce potions.
  2080 | D:3      | 2080 ||| DROPPING potion of degeneration.
  2115 | D:4      | Noticed Sigmund
  2141 | D:4      | 2141 ||| Stepping randomly (disturbance).
  2142 | D:4      | 2142 ||| STAIRDANCE
  2249 | D:4      | 2249 ||| STAIRDANCE
  2267 | D:4      | 2267 ||| STAIRDANCE
  2302 | D:4      | 2302 ||| STAIRDANCE
  2338 | D:4      | 2338 ||| STAIRDANCE
  2358 | D:4      | 2358 ||| STAIRDANCE
  2376 | D:4      | 2376 ||| STAIRDANCE
  2394 | D:4      | Killed Sigmund
  2395 | D:4      | Reached skill level 9 in Ranged Weapons
  2395 | D:4      | Reached XP level 5. HP: 29/29 MP: 7/7
  2395 | D:4      | Reached XP level 6. HP: 34/34 MP: 8/8
  2409 | D:4      | Found a snail-covered altar of Cheibriados.
  2491 | D:4      | Reached skill level 10 in Ranged Weapons
  2517 | D:4      | Found a transporter.
  2520 | D:4      | Identified the +3 dire flail "Ylymik Zyqoi" {flame, Dex+3}
  2520 | D:4      | Noticed qw's ghost (novice DEHu)
  2540 | D:4      | Reached skill level 3 in Dodging
  2750 | D:4      | Noticed a +0 falchion
  2750 | D:4      | Noticed a +0 dagger
  2750 | D:4      | Noticed a +0 falchion
  2751 | D:4      | Noticed a +0 short sword
  2752 | D:4      | Noticed a +0 short sword
  2752 | D:4      | Noticed a +0 spear
  2752 | D:4      | Noticed a +0 dagger
  2753 | D:4      | Noticed a +0 spear
  2760 | D:4      | Found a hide-covered altar of Uskayaw.
  2786 | D:4      | Reached XP level 7. HP: 30/40 MP: 6/9
  2859 | D:4      | 2859 ||| FLEEEEING.
  2860 | D:4      | 2860 ||| FLEEEEING.
  2861 | D:4      | 2861 ||| FLEEEEING.
  2865 | D:4      | 2865 ||| FLEEEEING.
  2866 | D:4      | 2866 ||| FLEEEEING.
  2867 | D:4      | 2867 ||| FLEEEEING.
  2868 | D:4      | 2868 ||| FLEEEEING.
  2869 | D:4      | 2869 ||| FLEEEEING.
  2870 | D:4      | 2870 ||| FLEEEEING.
  2954 | D:4      | Found a runed translucent door.
  2955 | D:4      | Noticed Crazy Yiuf
  3001 | D:4      | Noticed Eustachio
  3020 | D:4      | HP: 10/40 [gnoll/+0 flail (4)]
  3021 | D:4      | 3021 ||| READING scroll of teleportation.
  3021 | D:4      | HP: 3/40 [river rat[Eustachio] (2)]
  3022 | D:4      | HP: 1/40 [gnoll/+0 flail (2)]
  3024 | D:4      | Succumbed to a gnoll's poison

Levels and vault maps discovered:
D:1:      dpeg_arrival_signposts, layout_loops_ring
D:2:      layout_rooms, hangedman_decor_opposing
D:3:      layout_rooms, nicolae_ru_the_path_less_chosen, basic_ecumenical_altar,
          uniq_terence, uniq_ijyb
D:4:      layout_loops_ring, cheibrodos_ashenzari_chains,
          mainiacjoe_overflow_catwalk, nicolae_uskayaw_en_pointe,
          gammafunk_ghost_smash, uniq_sigmund, uniq_eustachio,
          uniq_crazy_yiuf_cottage

Skill      XL: |  1  2  3  4  5  6 |
---------------+-------------------+-----
Ranged Weapons | 6 7 9 10 | 10.8
Fighting       | 2 |  2.0
Dodging        | 3 |  3.4
Stealth        | |  1.2

Action                     |  1- 3 |  4- 6 |  7- 9 || total
---------------------------+-------+-------+-------++-------
   Fire: Shortbow          |    98 |   141 |    62 ||   301
    Use: Scroll            |     8 |     3 |     1 ||    12
         Potion            |     2 |     1 |       ||     3
 Armour: Leather armour    |     3 |       |       ||     3
         Ring mail         |    29 |    25 |    21 ||    75
         Skin              |       |     2 |       ||     2
  Dodge: Dodged            |    38 |    30 |    33 ||   101

Table legend:
 A = Non-vault XP
 B = Vault XP
 C = Vault XP percentage of total XP
 D = Non-vault monster count
 E = Vault monster count
 F = Vault count percentage of total count
                 A         B        C        D         E       F
            +---------+---------+-------+---------+---------+-------
      Total |     562 |     286 |  33.7 |      66 |       3 |   4.3
            +---------+---------+-------+---------+---------+-------
        D:1 |      25 |       0 |   0.0 |      17 |       0 |   0.0
        D:2 |      34 |       0 |   0.0 |      11 |       0 |   0.0
        D:3 |      40 |      72 |  64.3 |       8 |       2 |  20.0
        D:4 |     463 |     214 |  31.6 |      30 |       1 |   3.2
            +---------+---------+-------+---------+---------+-------
